Map: 2000 Atmospheres LE

Players

TriGGeR

  • Race: Protoss Protoss
  • League: Grandmaster

Scarlett - Winner!

  • Race: Zerg Zerg

Event: DreamHack SC2 Masters 2021 Summer

VOD

Have the link to the VOD?

Description

Time

  • Played on: May 26, 2021, 6:23 p.m.
  • Length: 18:21

All games in this series

Show
View Real Time Build Order
Export as new Build Order

TriGGeR Protoss 

Build Orders: 1 Gate Expand, Carriers 

Get SALT Encoding   

  12  0:00  Probe  
  13  0:12  Probe  
  14  0:19  Pylon  
  14  0:24  Probe  
  15  0:37  Probe (Chrono Boost)  
  15  0:38  Gateway  
  16  0:46  Probe (Chrono Boost)  
  16  0:47  Assimilator  
  17  0:51  Probe (Chrono Boost)  
  18  1:03  Probe  
  19  1:15  Probe  
  20  1:24  Nexus  
  20  1:27  Probe  
  21  1:36  Cybernetics Core  
  21  1:41  Probe  
  22  1:47  Assimilator  
  22  1:52  Pylon  
  22  1:55  Probe  
  23  2:10  Probe, Adept (Chrono Boost)  
  23  2:14  Warp Gate  
  26  2:22  Probe (Chrono Boost)  
  27  2:28  Stargate  
  27  2:34  Probe (Chrono Boost)  
  27  2:36  Stalker  
  30  2:39  Probe (Chrono Boost)  
  30  2:43  Probe (Chrono Boost)  
  32  2:47  Probe (Chrono Boost)  
  32  2:49  Gateway  
  33  2:52  Probe (Chrono Boost)  
  33  2:53  Probe  
  35  3:02  Void Ray (Chrono Boost)  
  35  3:03  Probe  
  36  3:05  Probe  
  41  3:14  Pylon  
  41  3:15  Probe  
  41  3:19  Probe  
  43  3:28  Probe  
  43  3:31  Probe  
  43  3:32  Void Ray  
  45  3:40  Probe  
  50  3:45  Nexus  
  50  3:47  Probe  
  51  3:50  Pylon  
  51  3:55  Probe  
  52  3:59  Assimilator  
  52  4:00  Probe  
  52  4:01  Assimilator  
  53  4:07  Probe  
  53  4:09  Void Ray  
  54  4:12  Probe  
  59  4:18  Pylon  
  59  4:19  Probe  
  59  4:24  Probe  
  61  4:30  Stargate  
  61  4:31  Probe  
  61  4:36  Probe, Shield Battery  
  63  4:39  Pylon  
  64  4:46  Probe (Chrono Boost), Void Ray  
  64  4:48  Probe (Chrono Boost)  
  69  4:59  Probe x2 (Chrono Boost)  
  72  5:01  Probe (Chrono Boost)  
  72  5:06  Probe (Chrono Boost)  
  74  5:07  Probe (Chrono Boost)  
  74  5:09  Probe (Chrono Boost), Twilight Council  
  74  5:10  Forge  
  74  5:11  Probe (Chrono Boost), Void Ray  
  76  5:14  Probe  
  76  5:15  Assimilator  
  82  5:21  Probe (Chrono Boost)  
  82  5:23  Probe (Chrono Boost)  
  84  5:29  Assimilator  
  84  5:31  Gateway  
  84  5:32  Probe (Chrono Boost)  
  84  5:34  Protoss Air Weapons Level 1  
  84  5:35  Probe (Chrono Boost), Gateway  
  86  5:37  Probe (Chrono Boost)  
  86  5:40  Probe x2 (Chrono Boost)  
  88  5:43  Protoss Ground Weapons Level 1  
  88  5:44  Probe  
  88  5:46  Pylon  
  89  5:50  Probe  
  89  5:51  Probe, Templar Archives  
  89  5:55  Robotics Facility  
  89  5:56  Probe  
  92  5:57  Photon Cannon  
  92  6:02  Probe  
  93  6:14  Charge  
  93  6:17  Psionic Storm  
  93  6:19  Gateway  
  93  6:21  Gateway  
  93  6:23  Gateway  
  93  6:25  Gateway  
  93  6:29  Gateway, High Templar x2  
  93  6:31  Gateway  
  97  6:34  Gateway  
  97  6:37  Pylon  
  97  6:38  High Templar  
  99  6:43  Nexus, Pylon  
  99  6:51  Pylon  
  99  6:55  Observer (Chrono Boost)  
  99  6:57  Photon Cannon  
  99  7:00  Photon Cannon  
  100  7:01  Pylon  
  100  7:02  Phoenix x2  
  104  7:12  Photon Cannon  
  104  7:14  Photon Cannon  
  104  7:15  Photon Cannon  
  104  7:16  Shield Battery  
  104  7:18  High Templar x2  
  106  7:25  Photon Cannon  
  106  7:27  Shield Battery  
  102  7:31  Shield Battery  
  102  7:34  High Templar x2, Immortal (Chrono Boost)  
  102  7:35  Photon Cannon  
  106  7:40  Photon Cannon  
  106  7:42  Zealot x2  
  106  7:44  Pylon  
  114  7:45  Probe x2  
  114  7:46  Probe  
  117  7:52  Zealot x3  
  117  7:57  Probe  
  124  8:01  Fleet Beacon  
  124  8:04  Probe x3  
  127  8:14  Assimilator  
  127  8:15  Probe  
  127  8:18  Assimilator  
  128  8:22  Probe x2, Stargate  
  130  8:31  Immortal  
  134  8:40  Carrier (Chrono Boost)  
  146  8:48  Zealot  
  146  8:49  Carrier (Chrono Boost)  
  146  8:52  Pylon  
  146  8:53  Pylon  
  146  8:55  Pylon  
  148  8:58  Pylon  
  148  8:59  Protoss Air Weapons Level 2 (Chrono Boost)  
  146  9:04  Zealot  
  146  9:06  Carrier (Chrono Boost)  
  154  9:20  Warp Prism (Chrono Boost)  
  154  9:21  Photon Cannon  
  156  9:29  Pylon  
  162  9:31  Pylon  
  162  9:33  Carrier x2 (Chrono Boost), Pylon  
  168  9:47  Zealot  
  168  9:48  Zealot x2  
  178  10:03  Carrier (Chrono Boost)  
  178  10:06  Zealot x3  
  184  10:08  Photon Cannon  
  184  10:10  Photon Cannon  
  184  10:12  Photon Cannon  
  182  10:21  Carrier x2 (Chrono Boost)  
  166  10:23  Protoss Ground Weapons Level 2 (Chrono Boost)  
  166  10:26  Zealot x3  
  166  10:27  Zealot x4  
  188  10:49  High Templar x2  
  188  10:51  Carrier (Chrono Boost)  
  184  11:03  Zealot x5  
  194  11:07  Zealot  
  195  11:24  Oracle  
  196  11:26  Protoss Air Weapons Level 3 (Chrono Boost)  
  196  11:27  Void Ray  
  190  11:36  Flux Vanes  
  190  11:39  Zealot x3  
  196  11:48  Pylon  
  196  11:49  Pylon  
  194  11:55  Nexus  
  194  11:58  Pylon  
  194  12:00  Void Ray  
  194  12:02  Forge  
  194  12:05  Observer (Chrono Boost)  
  199  12:09  Photon Cannon  
  199  12:11  Photon Cannon  
  199  12:12  Photon Cannon  
  199  12:13  Void Ray  
  199  12:14  Shield Battery  
  187  12:27  Void Ray  
  185  12:37  Void Ray  
  185  12:38  Zealot x5  
  185  12:43  Protoss Shields Level 1  
  197  12:50  Zealot x4  
  199  13:05  Photon Cannon  
  199  13:06  Photon Cannon  
  199  13:07  Protoss Ground Weapons Level 3  
  199  13:08  Photon Cannon  
  199  13:10  Photon Cannon  
  199  13:12  Photon Cannon  
  199  13:14  Void Ray  
  185  13:29  Assimilator  
  185  13:31  Probe, Assimilator  
  185  13:32  Dark Shrine  
  186  13:38  Tempest x2  
  196  13:45  Stargate  
  196  13:49  Archon  
  196  13:50  Zealot x2  
  196  13:55  Photon Cannon, Zealot x3  
  200  14:00  Photon Cannon  
  196  14:03  Photon Cannon  
  194  14:17  Tempest  
  194  14:21  Nexus  
  199  14:25  Pylon  
  199  14:26  Pylon  
  199  14:29  Pylon  
  193  14:47  Shield Battery  
  193  14:48  Shield Battery  
  193  14:49  Shield Battery, Dark Templar x3  
  193  14:50  Shield Battery  
  193  14:52  Shield Battery  
  199  14:54  Shield Battery  
  199  14:55  Shield Battery  
  199  14:56  Zealot x2  
  199  14:57  Shield Battery  
  199  14:59  Shield Battery  
  190  15:01  Shield Battery  
  190  15:02  Dark Templar x3  
  183  15:14  Dark Templar  
  164  15:35  Probe  
  164  15:36  Probe x3  
  164  15:37  Photon Cannon  
  164  15:38  Photon Cannon  
  164  15:41  Photon Cannon  
  164  15:42  Photon Cannon  
  169  15:44  Photon Cannon  
  169  15:48  Probe x3, Photon Cannon  
  169  15:49  Unknown  
  163  15:53  Cybernetics Core  
  161  16:06  Oracle x2  
  167  16:19  Pylon  
  167  16:20  Pylon  
  167  16:26  Probe  
  167  16:27  Probe x2  
  170  16:34  Unknown  
  169  16:41  Observer  
  162  17:05  Probe  
  162  17:06  Probe x2  
  165  17:12  Dark Templar  
  165  17:13  Dark Templar x7  
  181  17:20  Probe x2  
  181  17:21  Probe  
  184  17:25  Pylon  
  160  18:00  High Templar x5  
Show
View Real Time Build Order
Export as new Build Order

Scarlett Zerg - Winner!

Build Orders: Hatch First 

Get SALT Encoding   

  12  0:00  Drone  
  13  0:12  Overlord  
  13  0:17  Drone  
  14  0:30  Drone x2  
  16  0:50  Hatchery  
  16  0:51  Drone  
  16  0:54  Drone  
  17  0:57  Drone  
  18  1:12  Spawning Pool  
  18  1:14  Extractor  
  18  1:16  Drone  
  17  1:20  Drone  
  18  1:27  Drone  
  19  1:39  Drone  
  20  1:50  Overlord  
  20  1:58  Queen  
  22  2:02  Queen  
  22  2:03  Zergling x2  
  22  2:05  Drone  
  26  2:12  Drone  
  26  2:14  Drone  
  26  2:15  Metabolic Boost  
  28  2:23  Drone  
  28  2:24  Drone  
  30  2:36  Hatchery  
  29  2:38  Drone  
  29  2:43  Drone  
  31  2:45  Overlord  
  31  2:46  Drone  
  32  2:53  Queen  
  34  3:00  Drone x2  
  36  3:06  Zergling x2  
  36  3:11  Drone x4  
  41  3:16  Queen  
  41  3:18  Overlord  
  43  3:22  Drone  
  44  3:31  Overlord  
  44  3:36  Queen  
  44  3:40  Zergling x2  
  47  3:41  Drone x2  
  49  3:48  Drone x4  
  49  3:53  Queen  
  55  3:56  Queen  
  57  4:03  Drone x6  
  57  4:09  Overlord  
  63  4:10  Roach Warren  
  63  4:15  Queen  
  63  4:20  Overlord  
  63  4:21  Drone  
  63  4:22  Drone  
  65  4:24  Extractor  
  65  4:25  Extractor  
  65  4:30  Drone x4, Spore Crawler  
  66  4:34  Drone, Overlord  
  66  4:35  Drone  
  68  4:40  Lair  
  68  4:41  Drone  
  68  4:42  Drone  
  70  4:47  Drone x4  
  70  4:50  Overlord  
  74  4:58  Drone x4  
  78  5:02  Extractor  
  78  5:03  Extractor  
  75  5:08  Drone x4  
  79  5:15  Extractor, Evolution Chamber  
  79  5:18  Overlord  
  77  5:23  Drone x9  
  86  5:29  Zergling x2  
  87  5:36  Hatchery  
  87  5:38  Overlord  
  87  5:41  Overseer  
  86  5:43  Queen  
  86  5:45  Queen, Glial Reconstitution  
  86  5:48  Zerg Ground Armor Level 1  
  86  5:49  Drone x2  
  92  5:51  Evolution Chamber  
  92  5:52  Pneumatized Carapace  
  92  5:56  Overlord  
  92  5:57  Overlord x2  
  91  6:02  Spire  
  90  6:15  Drone  
  90  6:16  Drone x11  
  102  6:18  Zerg Melee Weapons Level 1  
  102  6:19  Infestation Pit  
  102  6:24  Drone  
  102  6:26  Drone, Baneling Nest  
  102  6:27  Spore Crawler x2  
  100  6:33  Zergling x10  
  100  6:36  Drone  
  106  6:42  Drone  
  106  6:47  Overlord x5  
  106  6:49  Drone  
  106  6:50  Drone  
  108  6:56  Drone, Hive  
  109  7:10  Roach x4  
  109  7:11  Roach x6  
  128  7:18  Centrifical Hooks  
  127  7:29  Drone x9  
  137  7:30  Drone  
  137  7:31  Extractor  
  137  7:33  Extractor  
  135  7:38  Pathogen Glands  
  135  7:41  Hatchery, Overseer  
  134  7:44  Drone x2  
  134  7:45  Spine Crawler  
  134  7:51  Zerg Ground Armor Level 2  
  135  7:54  Overlord x3  
  135  7:57  Drone x2  
  137  7:59  Drone  
  137  8:00  Overlord x3  
  137  8:05  Overseer  
  138  8:09  Adrenal Glands  
  138  8:10  Viper x3  
  147  8:14  Zerg Flyer Weapons Level 1  
  147  8:15  Spire  
  147  8:19  Drone  
  147  8:20  Zerg Melee Weapons Level 2  
  147  8:21  Ultralisk Cavern  
  146  8:31  Hatchery  
  145  8:37  Corruptor  
  145  8:38  Corruptor x3  
  153  8:44  Hatchery  
  153  8:47  Drone x7  
  153  8:48  Drone x3  
  163  8:57  Neural Parasite  
  163  8:58  Burrow  
  163  8:59  Extractor, Spine Crawler, Spore Crawler  
  163  9:02  Extractor  
  158  9:03  Zergling x18  
  158  9:04  Zergling x12  
  169  9:13  Chitinous Plating  
  169  9:16  Corruptor  
  169  9:17  Corruptor x2  
  169  9:23  Spine Crawler x2  
  173  9:24  Spine Crawler  
  173  9:28  Spine Crawler x2  
  170  9:36  Ultralisk  
  170  9:37  Ultralisk  
  182  9:45  Ultralisk  
  188  9:46  Zergling x12  
  191  9:54  Corruptor x2  
  195  10:04  Infestor  
  195  10:05  Infestor  
  197  10:19  Infestor x2  
  187  10:25  Zerg Flyer Weapons Level 2, Zerg Flyer Armor Level 1  
  181  10:31  Anabolic Synthesis  
  181  10:32  Corruptor x4  
  177  10:40  Extractor, Zergling x18, Ultralisk  
  191  10:43  Extractor  
  189  10:51  Zerg Ground Armor Level 3  
  187  10:57  Corruptor x2  
  187  11:01  Drone x2  
  187  11:02  Drone x4  
  196  11:04  Corruptor  
  196  11:08  Zergling x2  
  196  11:09  Spore Crawler  
  196  11:11  Spore Crawler x2  
  197  11:12  Spore Crawler x2  
  197  11:13  Zerg Melee Weapons Level 3, Spore Crawler  
  197  11:16  Spore Crawler  
  190  11:24  Zergling x22  
  195  11:33  Drone  
  195  11:43  Spore Crawler  
  194  11:52  Overseer x3  
  192  12:01  Zergling x16  
  200  12:05  Baneling x9  
  198  12:28  Zergling x12, Ultralisk  
  183  12:48  Zergling x10  
  183  12:53  Zerg Flyer Armor Level 2  
  183  12:54  Greater Spire  
  183  12:57  Zergling x26  
  195  12:59  Baneling x2  
  195  13:00  Baneling x5  
  195  13:14  Baneling x12  
  195  13:19  Baneling x6  
  191  13:21  Overseer  
  191  13:28  Spore Crawler  
  191  13:29  Spore Crawler  
  191  13:30  Spore Crawler  
  188  13:35  Infestor x2  
  188  13:38  Corruptor  
  188  13:39  Corruptor x3  
  200  13:48  Spore Crawler x2  
  198  13:49  Spore Crawler  
  198  13:50  Spore Crawler x2  
  198  13:51  Spore Crawler  
  179  13:56  Zergling x14  
  185  14:02  Drone  
  185  14:03  Drone  
  185  14:04  Drone  
  187  14:13  Spore Crawler  
  187  14:16  Zergling x14  
  192  14:18  Baneling x6  
  192  14:25  Zergling x16  
  198  14:40  Spore Crawler  
  198  14:41  Spore Crawler  
  198  14:44  Zerg Flyer Weapons Level 3  
  193  14:53  Corruptor x3  
  193  15:03  Overseer  
  193  15:04  Zergling x14  
  193  15:05  Zerg Missile Weapons Level 1  
  197  15:20  Zerg Flyer Armor Level 3  
  192  15:21  Brood Lord x4  
  196  15:37  Spore Crawler x2  
  193  15:47  Corruptor  
  193  15:48  Corruptor x3  
  199  15:58  Spore Crawler x3  
  199  15:59  Spore Crawler x2  
  199  16:00  Spore Crawler  
  192  16:12  Spore Crawler  
  192  16:13  Corruptor x4  
  192  16:17  Hatchery, Unknown  
  185  16:42  Corruptor  
  185  16:43  Corruptor x5  
  177  17:13  Spore Crawler  
  176  17:15  Zergling x2  
  176  17:16  Zergling x10, Spore Crawler  
  176  17:19  Brood Lord x6  
  176  17:20  Corruptor x3  
Tags
 
Add a new tag
Caveats
  • Supply blocks, unpowered buildings, or Contaminate may cause inaccurate times.
  • Supply counts are checked every 10 seconds.